 Dungeon Sprint DCSS version 0.31-a0-986-g5e6e4ef867 (webtiles) character file.

Game seed: 7989167344896581353

51 fozzywoppz the Trooper (level 3, -6/33 HPs)
             Began as a Demonspawn Monk on Nov 9, 2023.
             Mangled by a water elemental (10 damage)
             ... in the Dungeon (Sprint III: "The Ten Rune Challenge").
             The game lasted 00:01:48 (317 turns).

fozzywoppz the Trooper (Demonspawn Monk)             Turns: 317, Time: 00:01:48

Health: -6/33      AC:  2    Str: 13    XL:     3   Next: 58%
Magic:  3/3        EV: 14    Int: 13    God:
Gold:   18         SH:  0    Dex: 15    Spells: 2/2 levels left

rFire   . . .        a - +0 short sword
rCold   . . .        d - orb {light}
rNeg    . . .        b - +0 robe
rPois   .            (no helmet)
rElec   .            (no cloak)
rCorr   .            (no gloves)
SInv    .            (no boots)
Will    .....        (no amulet)
Stlth   +            (no ring)
HPRegen 0.25/turn    (no ring)
MPRegen 0.08/turn

%: no teleportation
@: engulfed (cannot breathe), glowing
A: big brain 1
a: no special abilities


You were in the Dungeon.
You visited 1 branch You collected 18 gold pieces.

Inventory:

Hand Weapons
 a - a +0 short sword (weapon)
Missiles
 k - 3 boomerangs
Armour
 b - a +0 robe (worn)
 d - an orb of light (worn)
Scrolls
 j - a scroll of blinking
 n - 2 scrolls of poison
 o - a scroll of identify
Potions
 c - a potion of ambrosia
 e - a potion of curing
 f - a potion of heal wounds
 g - a potion of haste
 h - 2 potions of magic
 i - a potion of berserk rage
 m - 5 potions of mutation
 p - 4 potions of enlightenment


   Skills:
 + Level 5.1 Fighting
 + Level 4.6 Short Blades
 + Level 4.6 Dodging


You had 2 spell levels left.
You didn't know any spells.
Your spell library was empty.

Dungeon Overview and Level Annotations

Branches:
Dungeon (1/1)

Altars:


Innate Abilities, Weirdness & Mutations

You have an unusually large brain. (Int +2)


Message History

Your lungs strain for air!
The water elemental hits you!
* * * LOW HITPOINT WARNING * * *
You slip free of the water engulfing you.
You gasp with relief as air once again reaches your lungs.
You hit the water elemental.
The water elemental is lightly damaged.
You hit the water elemental but do no damage.
The water elemental is lightly damaged.
The water elemental hits you.
* * * LOW HITPOINT WARNING * * *
The water elemental engulfs you in water!
Unknown command.
You cannot read scrolls while unable to breathe!
You feel much better.
Your lungs strain for air!
The water elemental barely misses you.
You slip free of the water engulfing you.
You gasp with relief as air once again reaches your lungs.
You hit the water elemental.
The water elemental is lightly damaged.
The water elemental barely misses you.
You hit the water elemental but do no damage.
The water elemental is lightly damaged.
The water elemental closely misses you.
You hit the water elemental but do no damage.
The water elemental is lightly damaged.
You completely miss the water elemental.
The water elemental is lightly damaged.
The water elemental hits you!
You see here a rat corpse.
The water elemental hits you!
* * * LOW HITPOINT WARNING * * *
The water elemental engulfs you in water!
You hit the water elemental.
The water elemental is lightly damaged.
* * * LOW HITPOINT WARNING * * *
Your lungs strain for air!
The water elemental hits you!
You die...

▓▓▓▓▓▓▓▓▓ ▓▓▓
▓<..#...#### ##.#
▓...#......#####..#
▓..##.......#..#..#
▓##.##.##...#.!#..# #+#+#
##.##.###..##'#..#......
▓#.####)##..###...'.⌠....
▓.###..##.†####...#...###
▓#.....##@E###....# ⌠.#
###..##..†##.....# .#
##..##....#......# #
#..###..##.#.....# #..#
#.. ####....# ▓▓▓▓ ▓▓▓
▓▓▓▓▓▓


You could see a water elemental.

Vanquished Creatures
  Jessica (D)
  A human (D)
  A phantom (D)
  An endoplasm (D)
  2 rats (D)
6 creatures vanquished.

Notes
Turn   | Place    | Note
-------+----------+-------------------------------------------
     0 | D        | fozzywoppz the Demonspawn Monk began the quest for the Orb.
     0 | D        | Reached XP level 1. HP: 18/18 MP: 1/1
    27 | D        | Noticed Jessica
    45 | D        | Killed Jessica
    46 | D        | Reached skill level 4 in Fighting
    46 | D        | Gained mutation: You have an unusually large brain. (Int
                  | +2) [demonic ancestry]
    46 | D        | Reached XP level 2. HP: 5/26 MP: 2/2
   137 | D        | Reached XP level 3. HP: 31/31 MP: 3/3
   182 | D        | Reached skill level 5 in Fighting
   295 | D        | Noticed a water elemental
   317 | D        | Mangled by a water elemental

Illustrated notes

Levels and vault maps discovered:
D:        dungeon_sprint_mu [sprint_mu_entry_cave, sprint_mu_temple_rooms,
          sprint_mu_d1_horrors, sprint_mu_d2_genie, sprint_mu_d3_branching,
          sprint_mu_orc_legion, sprint_mu_elf_gauntlet, sprint_mu_hive_nellie,
          sprint_mu_lair_fedhas, sprint_mu_vaults_butterflies,
          sprint_mu_slime_circle, sprint_mu_swamp_cave, sprint_mu_snake_twists,
          sprint_mu_blade_basic, sprint_mu_crypt_lich, sprint_mu_tomb_spiral,
          sprint_mu_vestibule_basic, sprint_mu_gehenna_hellfire,
          sprint_mu_dis_giant, sprint_mu_tartarus_statrot,
          sprint_mu_cocytus_islands, sprint_mu_zot1]

Skill      XL: |  1  2  3 |
---------------+----------+-----
Short Blades   | 4 |  4.6
Dodging        | 4 |  4.6
Fighting       | 4 5 |  5.1

Action                     || total
---------------------------++-------
  Melee: Short sword       ||    65
    Use: Scroll            ||     2
         Potion            ||     1
 Armour: Robe              ||    24
  Dodge: Dodged            ||    28

Table legend: (Time is in decaauts)
 A = Elapsed time spent in this place.
 B = Non-inter-level travel time spent in this place.
 C = Inter-level travel time spent in this place.
 D = Time resting spent in this place.
 E = Time spent auto-exploring this place.
 F = Levels seen in this place.
 G = Mean time per level.
                   A        B        C        D        E       F      G
               +--------+--------+--------+--------+--------+-----+--------+
         Total |    304 |    304 |      0 |    143 |      0 |   1 |  304.0 |
       Dungeon |    304 |    304 |      0 |    143 |      0 |   1 |  304.0 |
               +--------+--------+--------+--------+--------+-----+--------+

Top non-repeatable levels by time:
       D: 304 daAuts
